cohdb
Replays
Latest Replays
All Replays
Popular Replays
Top Player Replays
Match Explorer
How It Works
Community
CoH3 Stats
Reddit
Sign in to upload your games and track your stats! →
Sign in with Steam
Match 40758366
Unlisted
Match 40758366
Overview
Messages
Build Orders
End
Construct Infanterie Kompanie
Grenadier Squad
Grenadier Squad
MG 42 Machine Gun Team
Grenadier Squad
Construct Panzergrenadier Kompanie
Construct Luftwaffe Kompanie
221 Scout Car
Jäger Squad
Jäger Squad
Pioneer Squad
Selects Mechanized Battlegroup
Selects Raid Package
Selects Mobile Repair Stations
諾爾斯
kenleung
Mister Maf
RC40D
0
0
Comments
sign in to comment!
No comments posted yet!